 Dungeon Crawl Stone Soup version 0.31-a0-949-g57150269e1 (webtiles) character file.

Game seed: 546083991209002289

217 mortress the Ruffian (level 5, -1/45 HPs)
             Began as a Draconian Shapeshifter on Oct 21, 2023.
             Slain by a gnoll
             ... wielding a +0 whip
              (5 damage)
             ... on level 4 of the Dungeon.
             The game lasted 00:08:51 (2446 turns).

mortress the Ruffian (Draconian Shapeshifter)       Turns: 2446, Time: 00:08:52

Health: -1/45      AC:  5    Str: 18    XL:     5   Next: 61%
Magic:  5/5        EV: 12    Int: 10    God:
Gold:   171        SH:  0    Dex: 11    Spells: 4/4 levels left

rFire   . .          .
                       - Unarmed
rCold   . . .        (no shield)
rNeg    . . .        (body armour unavailable)
rPois   .            (helmet currently unavailable)
rElec   .            (cloak currently unavailable)
rCorr   .            (gloves currently unavailable)
SInv    .            (boots currently unavailable)
Will    .....        (no amulet)
Stlth   +            (no ring)
HPRegen 0.27/turn    (no ring)
MPRegen 0.09/turn

%: no passive effects
@: beast-form
A: beast (slay +2), AC +5, unfitting armour, cold-blooded
a: Begin Untransformation


You were on level 4 of the Dungeon.
You were a hulking beast.
You visited 1 branch of the dungeon, and saw 4 of its levels.

You collected 171 gold pieces.

Inventory:

Missiles
 e - 4 poisoned darts
Jewellery
 d - a +5 ring of evasion
Talismans
 b - a beast talisman (active)
 c - a flux talisman
Wands
 l - a wand of iceblast (10)
Scrolls
 g - 2 scrolls of immolation {unknown}
 i - 2 scrolls of identify {unknown}
 k - a scroll of vulnerability {unknown}
 n - a scroll of poison {unknown}
Potions
 a - a potion of lignification
 f - a potion of mutation {unknown}
 h - a potion of haste {unknown}
 j - 3 potions of curing {unknown}
 m - 3 potions of heal wounds {unknown}


   Skills:
 + Level 3.1 Fighting
 + Level 3.0 Dodging
 + Level 4.0 Unarmed Combat
 + Level 4.0 Shapeshifting


You had 4 spell levels left.
You didn't know any spells.
Your spell library contained the following spells:

 Spells                   Type           Power      Damage    Failure   Level
 Blink                    Tloc           0%         N/A       50%         2
 Lesser Beckoning         Tloc           0%         N/A       50%         2
 Momentum Strike          Conj/Tloc      0%         3d8       50%         2


Dungeon Overview and Level Annotations

Branches:
Dungeon (4/15)
 Temple: D:4-7

Altars:
Ashenzari
Wu Jian

Shops:
D:1 [


Innate Abilities, Weirdness & Mutations

You are a hulking beast.
Your limbs bulge with bestial killing power. (Slay +2)
Your plain brown scales are hard. (AC +5)
You cannot fit into any form of body armour.
You are cold-blooded and may be slowed by cold attacks.


Message History

The gnoll shouts!
The dart slug launches a dart at you. The slug dart misses you.
You punch the ball python!
You kill the ball python!
You barely miss the gnoll. The gnoll hits you with a +0 whip!
You hit the gnoll.
Your tail-slap misses the gnoll.
The gnoll is moderately wounded.
The gnoll hits you but does no damage.
You hit the gnoll.
The gnoll is almost dead.
The gnoll hits you with a +0 whip!
You hit the gnoll.
You kill the gnoll!
You hit the gnoll.
The gnoll is moderately wounded.
You hit the gnoll. You tail-slap the gnoll. You punch the gnoll.
The gnoll is severely wounded.
The gnoll closely misses you.
A goblin comes into view. It is wielding a +0 club.
You hit the gnoll.
You kill the gnoll!
Your Shapeshifting skill increases to level 4!
You hit the gnoll but do no damage.
Your tail-slap misses the gnoll.
The gnoll hits you with a +0 whip. x2
You hit the gnoll.
The gnoll is heavily wounded.
The gnoll hits you with a +0 whip. The gnoll barely misses you.
You hit the gnoll.
Your tail-slap misses the gnoll.
The gnoll is almost dead.
The gnoll hits you with a +0 whip!
* * * LOW HITPOINT WARNING * * *
The gnoll barely misses you.
An ogre comes into view. It is wielding a +0 giant club.
The ogre shouts!
The gnoll attacks as it pursues you! The gnoll barely misses you.
The gnoll attacks as it pursues you! The gnoll hits you with a +0 whip!
* * * LOW HITPOINT WARNING * * *
The gnoll hits you with a +0 whip.
You die...

#........#
#.#........#
#.#.≈.#..#
#.#.≈g...#
#.#.≈)##.#
#.#.≈w<#.#
#.#......#
#.#g.O####
#.hg#......
###.#.#.###
#.#.#.#
#.#.# #
#...# #...#
##... ####


You could see an ogre, 2 gnolls, a dart slug and a goblin.

Vanquished Creatures
  A hound (D:4)
  Jessica (D:2)
  Crazy Yiuf (D:2)
  Terence (D:2)
  2 gnolls (D:4)
  3 adders (D:2)
  2 dart slugs (D:3)
  An orc (D:3)
  10 bats
  2 endoplasms
  4 giant cockroaches
  6 goblins
  4 hobgoblins
  4 jackals
  3 kobolds
  3 quokkas
  8 ball pythons
  4 frilled lizards
  4 rats
64 creatures vanquished.

Notes
Turn   | Place    | Note
-------+----------+-------------------------------------------
     0 | D:1      | mortress the Draconian Shapeshifter began the quest for the
                  | Orb.
     0 | D:1      | Reached XP level 1. HP: 16/16 MP: 1/1
    15 | D:1      | Found a faded altar of an unknown god.
    37 | D:1      | Found Nigh's Armour Shop.
   125 | D:1      | Reached XP level 2. HP: 21/23 MP: 2/2
   731 | D:2      | Reached XP level 3. HP: 29/29 MP: 3/3
   770 | D:2      | Noticed Terence
   791 | D:2      | Killed Terence
   903 | D:2      | Found an ornate altar of the Wu Jian Council.
   922 | D:2      | Found a runed translucent door.
   923 | D:2      | Noticed Crazy Yiuf
   991 | D:2      | Reached XP level 4. HP: 37/37 MP: 4/4
  1148 | D:2      | Noticed Jessica
  1158 | D:2      | Killed Jessica
  1724 | D:2      | Killed Crazy Yiuf
  1725 | D:2      | Reached XP level 5. HP: 12/44 MP: 5/5
  2390 | D:4      | Noticed an ogre
  2428 | D:4      | Found a broken altar of Ashenzari.
  2444 | D:4      | Noticed an ogre
  2446 | D:4      | Slain by a gnoll

Illustrated notes

Levels and vault maps discovered:
D:1:      scummos_arrival_simple_fountains, layout_basic, serial_shops, shop,
          hellmonk_ecumenical_altar_slurped_away, minmay_misc_feat_iff,
          st_stairs_3
D:2:      layout_basic, basic_altar, uniq_crazy_yiuf_cottage, uniq_terence,
          uniq_jessica
D:3:      layout_rooms
D:4:      layout_basic, tso_metal_star, mainiacjoe_overflow_boulevard,
          temple_doors_ab, kennysheep_small_spiral

Skill      XL: |  1  2  3  4  5 |
---------------+----------------+-----
Dodging        | 2 3 |  3.0
Fighting       | 2 3 |  3.1
Unarmed Combat | 4 |  4.0
Shapeshifting  | 4 |  4.0

Action                     |  1- 3 |  4- 6 || total
---------------------------+-------+-------++-------
  Melee: Unarmed           |    95 |    95 ||   190
         Tailslap          |    10 |     9 ||    19
         Punch             |       |     2 ||     2
   Stab: Distracted        |     1 |       ||     1
         Sleeping          |       |     2 ||     2
 Armour: Skin              |    48 |    62 ||   110
  Dodge: Dodged            |    70 |    49 ||   119

Table legend: (Time is in decaauts)
 A = Elapsed time spent in this place.
 B = Non-inter-level travel time spent in this place.
 C = Inter-level travel time spent in this place.
 D = Time resting spent in this place.
 E = Time spent auto-exploring this place.
 F = Levels seen in this place.
 G = Mean time per level.
                   A        B        C        D        E       F      G
               +--------+--------+--------+--------+--------+-----+--------+
         Total |   2431 |   2341 |     90 |     70 |   1596 |   4 |  607.8 |
       Dungeon |   2431 |   2341 |     90 |     70 |   1596 |   4 |  607.8 |
               +--------+--------+--------+--------+--------+-----+--------+

Top non-repeatable levels by time:
     D:2: 1223 daAuts
     D:1: 645 daAuts
     D:3: 538 daAuts
     D:4: 24 daAuts
